 Dungeon Crawl Stone Soup version 0.30-a0-918-g0ff054e9dc (webtiles) character file.

Game seed: 9921637485009527758

248 testman the Stinger (level 5, -1/37 HPs)
             Began as a Demonspawn Venom Mage on Mar 20, 2023.
             Succumbed to Crazy Yiuf's poison
             ... on level 4 of the Dungeon.
             The game lasted 00:10:06 (2818 turns).

testman the Stinger (Demonspawn Venom Mage)         Turns: 2818, Time: 00:10:06

Health: -1/37      AC:  2    Str:  9    XL:     5   Next: 86%
Magic:  5/8        EV: 12    Int: 18    God:
Gold:   225        SH:  5    Dex: 13    Spells: 3/9 levels left

rFire   . . .      SeeInvis .    d - +2 dagger (speed)
rCold   . . .      Faith    .    (no shield)
rNeg    . . .      Spirit   .    a - +0 robe
rPois   .          Reflect  +    (helmet restricted)
rElec   .          Rampage  .    (no cloak)
rCorr   .                        (no gloves)
Will    .....                    (no boots)
Stlth   ++                       o - amulet of reflection
HPRegen 0.26/turn                (no ring)
MPRegen 0.11/turn                (no ring)

@: lethally poisoned (-1 -> -11)
A: horns 1, demonic guardian 1
a: no special abilities


You were on level 4 of the Dungeon.
You visited 1 branch of the dungeon, and saw 4 of its levels.

You collected 225 gold pieces.

Inventory:

Hand Weapons
 c - a +0 mace
 d - a +2 dagger of speed (weapon)
Armour
 a - a +0 robe (worn)
Jewellery
 o - an amulet of reflection (around neck)
Scrolls
 e - a scroll of identify {unknown}
 f - a scroll of noise {unknown}
 g - 3 scrolls of vulnerability {unknown}
 h - a scroll of fear {unknown}
 j - 3 scrolls of teleportation {unknown}
 k - a scroll of enchant armour {unknown}
 m - a scroll of brand weapon {unknown}
 n - a scroll of amnesia {unknown}
Potions
 b - 2 potions of magic
 i - 3 potions of curing {unknown}
 l - 3 potions of heal wounds {unknown}


   Skills:
 + Level 1.6 Fighting
 - Level 1.7 Dodging
 - Level 1.7 Stealth
 + Level 2.6 Spellcasting
 - Level 3.0 Conjurations
 - Level 1.0 Transmutations
 - Level 3.0 Air Magic
 + Level 3.5 Poison Magic


You had 3 spell levels left.
You knew the following spells:

 Your Spells              Type           Power      Damage    Failure   Level
a - Sting                 Tmut/Pois      40%        1d5       7%          1
b - Poisonous Vapours     Pois/Air       28%        N/A       7%          2
c - Mephitic Cloud        Conj/Pois/Air  13%        N/A       14%         3

Your spell library contained the following spells:

 Spells                   Type           Power      Damage    Failure   Level
 Cigotuvi's Dreadful Rot  Necr/Pois/Air  20%        N/A       11%         2
 Freeze                   Ice            8%         1d3       17%         1
 Hailstorm                Conj/Ice       7%         3d4       28%         3
 Vhi's Electric Charge    Tloc/Air       14%        N/A       28%         3
 Frozen Ramparts          Ice            4%         1d1       45%         3
 Olgreb's Toxic Radiance  Pois           15%        N/A       36%         4
 Arcjolt                  Conj/Air       6%         1d16      80%         5
 Dispel Undead            Necr           2%         3d7       86%         4
 Death Channel            Necr           1%         N/A       100%        6
 Maxwell's Capacitive Co  Air            6%         ∞         100%        8


Dungeon Overview and Level Annotations

Branches:
Dungeon (4/15)
 Temple: D:4-7

Altars:
Fedhas

Shops:
D:2 *

Annotations:
D:4 Crazy Yiuf


Innate Abilities, Weirdness & Mutations

You have a pair of small horns on your head.
A weak demonic guardian rushes to your aid.


Message History

Crazy Yiuf says, "Mugger ena ragdoll!"
Crazy Yiuf hits you with a +2 quarterstaff of chaos.
You are poisoned.
Unknown command.
Aiming: Sting (safe; 7% risk of failure)
Press: ? - help, Q - select action, (/) - cycle Shift-Dir - straight line, f/p - Crazy Yiuf
Aim: Crazy Yiuf, wielding a +2 quarterstaff of chaos and wearing a +0 cloak (lightly wounded, very poisoned, 75% to hit)
The sting hits Crazy Yiuf.
Crazy Yiuf looks even sicker.
Crazy Yiuf is lightly wounded.
You feel sick. You block Crazy Yiuf's attack.
You hit Crazy Yiuf but do no damage.
Crazy Yiuf is lightly wounded.
You feel sick.
You hit Crazy Yiuf.
Crazy Yiuf is heavily wounded.
You feel sick.
Crazy Yiuf hits you with a +2 quarterstaff of chaos!
You are more poisoned.
You hit Crazy Yiuf but do no damage.
Crazy Yiuf is heavily wounded.
You feel very sick.
Crazy Yiuf hits you with a +2 quarterstaff of chaos!
* * * LOW HITPOINT WARNING * * *
A demonic guardian appears!
You barely miss Crazy Yiuf. Your headbutt misses Crazy Yiuf.
Crazy Yiuf is heavily wounded.
* * * LOW HITPOINT WARNING * * *
You feel sick.
You hit Crazy Yiuf. Your headbutt misses Crazy Yiuf.
Crazy Yiuf is heavily wounded.
* * * LOW HITPOINT WARNING * * *
You feel sick.
Your quasit bites Crazy Yiuf.
Your quasit claws Crazy Yiuf but does no damage.
Your quasit barely misses Crazy Yiuf.
Crazy Yiuf yells, "Cod arm childish!"
Crazy Yiuf closely misses you.
You barely miss Crazy Yiuf.
You headbutt Crazy Yiuf, but do no damage.
Crazy Yiuf is severely wounded.
You die...

#### ### ♣♣##... #)))#♣♣
♣♣....## #.)5g@♣♣♣♣......###.#
######## #)))#♣))♣)...........
.......# ### ♣♣♣)♣)...#####
.......# ♣♣♣♣♣##....# .......#
#....#
.......##################....#
.......+..............>#.....#
........#######.###.##.#.....#
......#'#######[###.##+#.....###


You could see Crazy Yiuf (very poisoned, ally target) and a friendly quasit
(summoned).

Vanquished Creatures
  An ogre (D:4)
  A scorpion (D:3)
  Robin (D:2)
  An adder (D:3)
  6 orcs
  3 bats
  8 endoplasms
  4 giant cockroaches
  12 goblins
  10 hobgoblins
  4 jackals (D:1)
  4 kobolds
  3 quokkas
  2 ball pythons (D:1)
  4 frilled lizards
  6 rats
70 creatures vanquished.

Vanquished Creatures (others)
  5 plants (D:2)
5 creatures vanquished.

Grand Total: 75 creatures vanquished

Notes
Turn   | Place    | Note
-------+----------+-------------------------------------------
     0 | D:1      | testman the Demonspawn Venom Mage began the quest for the
                  | Orb.
     0 | D:1      | Reached XP level 1. HP: 13/13 MP: 3/3
    19 | D:1      | Reached skill level 1 in Transmutations
   121 | D:1      | Reached skill level 1 in Air Magic
   127 | D:1      | Gained mutation: You have a pair of small horns on your
                  | head. [demonic ancestry]
   127 | D:1      | Reached XP level 2. HP: 17/19 MP: 3/5
   167 | D:1      | Learned a level 2 spell: Poisonous Vapours
   610 | D:1      | Reached XP level 3. HP: 24/24 MP: 4/6
   614 | D:1      | Learned a level 3 spell: Mephitic Cloud
   723 | D:1      | Found a faded altar of an unknown god.
  1072 | D:2      | Found Urumas's Assorted Antiques.
  1191 | D:2      | Noticed Robin
  1198 | D:2      | Reached skill level 1 in Conjurations
  1205 | D:2      | Killed Robin
  1670 | D:3      | Noticed a scorpion
  1676 | D:3      | Killed a scorpion
  1677 | D:3      | Reached XP level 4. HP: 23/30 MP: 3/7
  1877 | D:3      | Gained mutation: A weak demonic guardian rushes to your
                  | aid. [demonic ancestry]
  1877 | D:3      | Reached XP level 5. HP: 35/35 MP: 2/8
  2667 | D:4      | Found a blossoming altar of Fedhas.
  2692 | D:4      | Noticed an ogre
  2722 | D:4      | Killed an ogre
  2723 | D:4      | Reached skill level 1 in Fighting
  2805 | D:4      | Found a runed translucent door.
  2806 | D:4      | Noticed Crazy Yiuf
  2817 | D:4      | HP: 1/37 [poisoned by Crazy Yiuf]
  2818 | D:4      | Succumbed to Crazy Yiuf's poison

Illustrated notes

Levels and vault maps discovered:
D:1:      sevenhm_arrival_forest_fort_small_4, layout_loops_cross,
          dreamdust_ecumenical_altar_sealed_demon, minmay_pentomino_s4
D:2:      layout_loops_ring, serial_shops, nicolae_shop_stone,
          serial_bayou_lake_a, uniq_robin
D:3:      layout_loops_corners
D:4:      layout_basic, kennysheep_mini, nicolae_ru_path_of_blood,
          amcnicky_altar_gilded, nicolae_elemental_shop, uniq_crazy_yiuf_cottage

Skill      XL: |  1  2  3  4  5 |
---------------+----------------+-----
Transmutations | 1 |  1.0
Air Magic      | 1 2 3 |  3.0
Conjurations   | 2 3 |  3.0
Fighting       | 1 |  1.6
Dodging        | |  1.7
Stealth        | |  1.7
Spellcasting   | |  2.6
Poison Magic   | |  3.5

Action                     |  1- 3 |  4- 6 || total
---------------------------+-------+-------++-------
  Melee: Dagger            |    80 |    51 ||   131
         Unarmed           |     1 |       ||     1
         Headbutt          |    14 |    11 ||    25
   Cast: Sting             |    35 |    16 ||    51
         Poisonous Vapours |       |     4 ||     4
   Stab: Sleeping          |     6 |     4 ||    10
 Armour: Robe              |    12 |     1 ||    13
  Dodge: Dodged            |    42 |    13 ||    55
  Block: Other             |       |     6 ||     6

Table legend: (Time is in decaauts)
 A = Elapsed time spent in this place.
 B = Non-inter-level travel time spent in this place.
 C = Inter-level travel time spent in this place.
 D = Time resting spent in this place.
 E = Time spent auto-exploring this place.
 F = Levels seen in this place.
 G = Mean time per level.
                   A        B        C        D        E       F      G
               +--------+--------+--------+--------+--------+-----+--------+
         Total |   2797 |   2737 |     60 |     49 |   2259 |   4 |  699.2 |
       Dungeon |   2797 |   2737 |     60 |     49 |   2259 |   4 |  699.2 |
               +--------+--------+--------+--------+--------+-----+--------+

Top non-repeatable levels by time:
     D:3: 979 daAuts
     D:2: 837 daAuts
     D:1: 802 daAuts
     D:4: 178 daAuts
